Unix NetHack Version 3.7.0-84 Work-in-progress - last build May 8 2023 02:49:33 (a521f9c9ba282fe1dbcfd9214424a180692735d4,branch:master). Game began 2023-05-16 17:34:28, ended 2023-05-18 19:35:26. spontiff, neutral male gnomish Healer ----------- |.........| ----- +.........| ...| |.........| -----...| -...<.....| |++?|...| |.........| |+++|...| -.---|----- --+|...|...| # |..--|--...| # | |..........| # |... --+----.{........| ### |..............................| -.--------- | ---+--+-...........-|---...|## ..........| ---- -------|...|.).-# |.........| |..|.($|...|#########..........| |..|.(*|...|# |.........| | ----- ---- -----f------...| ----------- |.....................@........| -------------------------------- Spontiff the Rhizotomist St:12 Dx:10 Co:11 In:13 Wi:17 Ch:18 Neutral S:250 Dlvl:6 $:0 HP:0(20) Pw:8(8) AC:1 Xp:1/0 T:3413 Burdened Latest messages: Your debt is paid off. You have established 171 zorkmids credit. What do you want to use or apply? [fkostxzS or ?*] f Itemized billing? [ynq] (q) n The price is deducted from your credit. You bought an expensive camera for 133 gold pieces. The price is deducted from your credit. You bought a food ration for 30 gold pieces. The price is deducted from your credit. You bought a lamp called oil for 7 gold pieces. "Thank you for shopping in Enrobwem's hardware store!" What do you want to use or apply? [fkostxzS or ?*] f You put a food ration into the bag called sack. You see here a pick-axe (for sale, 33 zorkmids). "For you, honored sir; only 33 zorkmids for this pick-axe." You have a little trouble lifting w - a pick-axe (unpaid, 33 zorkmids). What do you want to drop? [df-hkn-qstv-zES or ?*] w You drop a pick-axe (unpaid, 33 zorkmids). You see here a towel (for sale, 33 zorkmids). "For you, most gracious sir; only 33 zorkmids for this towel." You have a little trouble lifting A - a towel (unpaid, 33 zorkmids). You hear some noises in the distance. What do you want to drop? [df-hkn-qstvx-zAES or ?*] A You drop a towel (unpaid, 33 zorkmids). What do you want to use or apply? [fkostxzS or ?*] o You produce a high whistling sound. You do not owe Enrobwem anything. Moreover, you seem to have no gold. What do you want to use or apply? [fkostxzS or ?*] f You see here a towel (for sale, 33 zorkmids). You see here a pick-axe (for sale, 33 zorkmids). The large kobold hits! There are several objects here. You have a little trouble lifting B - an etched helmet. You have a little trouble lifting C - a pair of leather gloves. This door is locked. Unlock it with your key? [ynq] (q) y You succeed in unlocking the door. You hear some noises in the distance. You hear a door open. The door opens. What do you want to use or apply? [fkostxzS or ?*] s In what direction? k Status of the displacer beast (chaotic): Level 11 HP 48(48) AC -10. #oh ffs: unknown extended command. The displacer beast hits! The displacer beast hits again! You die... Do you want your possessions identified? [ynq] (y) y Do you want to see the dungeon overview? [ynq] (y) y Inventory: Armor h - an uncursed +0 dwarvish iron helm (being worn) B - a cursed +0 helmet g - an uncursed +1 pair of leather gloves (being worn) C - an uncursed +0 pair of leather gloves v - an uncursed +0 pair of speed boots (being worn) q - a blessed +1 alchemy smock with text "If you can't stand the heat, get out of Gehennom!" (being worn) d - an uncursed +0 leather armor (being worn) Comestibles y - an uncursed apple n - an uncursed food ration p - an uncursed tripe ration Wands S - an uncursed wand of sleep (0:5) Tools f - an uncursed sack containing 24 items t - an uncursed blindfold z - an uncursed leash x - an uncursed oil lamp k - an uncursed skeleton key s - an uncursed stethoscope o - an uncursed tin whistle Gems/Stones E - an uncursed sapphire Contents of the sack: 891 gold pieces a cursed +0 helmet a cursed -1 pair of fumble boots 2 uncursed food rations 2 uncursed food rations an uncursed tripe ration an uncursed scroll of light a cursed scroll of light an uncursed spellbook of detect food 2 uncursed potions of booze a cursed potion of confusion an uncursed potion of fruit juice a cursed potion of gain energy an uncursed ring of polymorph control a cursed ring of teleportation an uncursed bag of tricks (0:5) an uncursed expensive camera (0:38) an uncursed oil lamp an uncursed worthless piece of blue glass an uncursed worthless piece of green glass an uncursed worthless piece of red glass 2 uncursed worthless pieces of violet glass an uncursed worthless piece of white glass 2 cursed worthless pieces of white glass Spontiff the Healer's attributes: Background: You were a Rhizotomist, a level 1 male gnomish Healer. You were neutral, on a mission for Hermes who was opposed by Athena (lawful) and Poseidon (chaotic). You were in the Gnomish Mines, on level 6. You entered the dungeon 3413 turns ago. You had 0 experience points, 20 were needed to attain level 2. Your score was 250 before end-of-game adjustments. Basics: You had 0 out of 20 hit points. You had all 8 energy points (spell power). Your armor class was 1. Your wallet was empty, but you had 891 zorkmids stashed away in your pack. Autopickup was on for '$!/="?' plus thrown, with exceptions. Final Characteristics: Your strength was 12 (limit:18/50). Your dexterity was 10 (limit:18). Your constitution was 11 (limit:18). Your intelligence was 13 (limit:19). Your wisdom was 17 (limit:18). Your charisma was 18 (limit:18). Final Status: You were not hungry. You were burdened; movement was slightly slowed. You were empty handed. You were unskilled in bare handed combat. Final Attributes: You were devoutly aligned. You were poison resistant. You were acid resistant. Your items were protected from acid. You had infravision. You were warded. You were very fast. You are dead. Miscellaneous: You encountered 1 bones level. Total elapsed playing time was 2 hours, 18 minutes and 29 seconds. Major events: Turn 1: spontiff the neutral male gnomish Healer entered the dungeon 1237: entered the Gnomish Mines 3413: killed by a displacer beast Vanquished creatures: a ghost a watchman 2 shriekers a gnome leader a little dog 3 dwarves an orc zombie 2 iguanas 4 acid blobs 2 coyotes a gas spore 4 hobbits a large kobold a hobgoblin 6 giant rats a cave spider a brown mold 3 yellow molds a red mold 4 gnomes a gnome zombie 9 geckos 10 jackals 2 foxes 3 kobolds 7 goblins 2 sewer rats 6 grid bugs 3 bats 4 lichens 4 kobold zombies 11 newts 103 creatures vanquished. No species were genocided or became extinct. Voluntary challenges: You never hit with a wielded weapon. You were a pacifist. You read items or engraved 1 time. You never engraved Elbereth. You never genocided any monsters. You never polymorphed an object. You never changed form. You used no wishes. Achievements: You entered a shop. You entered the Gnomish Mines. The Dungeons of Doom: levels 1 to 5 Level 1: "Stashlet" Level 2: An armor shop, a grave. Stairs down to The Gnomish Mines. Level 3: An altar to Hermes. Level 4: "vault" A general store. Final resting place for SkydiveMike-Arc-Hum-Mal-Law, killed by a gas spore's explosion. Level 5: The Gnomish Mines: levels 3 to 6 Level 3: Level 4: "magic trap" Level 5: Level 6: <- You were here. Some shops, a fountain. Final resting place for you, killed by a displacer beast. Game over: ---------- / \ / REST \ / IN \ / PEACE \ / \ | spontiff | | 891 Au | | killed by a | | displacer beast | | | | | | 2023 | *| * * * | * _________)/\\_//(\/(/\)/\//\/|_)_______ Goodbye spontiff the Healer... You died in The Gnomish Mines on dungeon level 6 with 250 points, and 891 pieces of gold, after 3413 moves. You were level 1 with a maximum of 20 hit points when you died.